 Dungeon Crawl Stone Soup version 0.16-a0-1761-g9575c7c (webtiles) character file.

99 ztt the Chiller (level 4, 0/30 HPs)
             Began as a Demonspawn Ice Elementalist on Oct 31, 2014.
             Slain by Terence
             ... wielding a +2 falchion of electrocution
              (8 damage)
             ... on level 3 of the Dungeon.
             The game lasted 00:06:07 (2532 turns).

ztt the Chiller (Demonspawn Ice Elementalist)       Turns: 2532, Time: 00:06:07

Health: 0/30       AC:  5    Str:  8    XL:     4   Next: 45%
Magic:  8/9        EV: 12    Int: 18    God:
Gold:   127        SH:  0    Dex: 15    Spells: 1 memorised, 8 levels left

rFire  . . .     SeeInvis .     g - +0 dagger
rCold  . . .     Clarity  .     a - +0 robe
rNeg   . . .     SustAb   .     (no shield)
rPois  .         Gourm    .     k - +2 helmet
rElec  .         Spirit   .     (no cloak)
rCorr  .         Warding  .     (no gloves)
rMut   .         Stasis   .     (no boots)
MR     .....                    (no amulet)
Stlth  +++.......               (no ring)
                                (no ring)

@: not resistant to hostile enchantments, fairly stealthy
A: thin skeletal structure 1
a: no special abilities


You were on level 3 of the Dungeon.
You were hungry.

You visited 1 branch of the dungeon, and saw 3 of its levels.

You collected 127 gold pieces.

Inventory:

Hand weapons
 g - a +0 dagger (weapon)
Armour
 a - a +0 robe (worn)
 k - a +2 helmet (worn)
Jewellery
 d - an uncursed ring of fire {unknown}
 o - an uncursed ring of positive energy {unknown}
Scrolls
 l - 3 scrolls of magic mapping
 n - a scroll of random uselessness {unknown}
Potions
 e - a potion of flight
 f - a potion of magic
 h - 2 potions of brilliance {unknown}
 m - a potion of agility
Books
 b - a book of Frost

   Spells                             Type                      Level
   *Freeze                            Ice                          1
   Throw Frost                        Conjuration/Ice              2
   Ozocubu's Armour                   Charms/Ice                   3
   Throw Icicle                       Conjuration/Ice              4
   Summon Ice Beast                   Ice/Summoning                4
   Condensation Shield                Ice                          4
Comestibles
 c - a bread ration
 i - 2 fruits
 j - a meat ration


   Skills:
 + Level 2.0 Dodging
 * Level 2.6 Stealth
 + Level 0.3 Unarmed Combat
 + Level 3.1 Spellcasting
   Level 1.0 Conjurations
 + Level 3.3 Ice Magic


You had 8 spell levels left.
You knew the following spells:

 Your Spells              Type           Power        Failure   Level  Hunger
a - Freeze                Ice            ###.         4%          1    None


Dungeon Overview and Level Annotations

Branches:
Dungeon (3/15)

Altars:
Nemelex Xobeh

Annotations:
D:3 Terence


Innate Abilities, Weirdness & Mutations

You have a somewhat thin skeletal structure (Dex +2, Stealth).


Message History

n - a scroll labeled ETZIDU HOMAS Terence the Incautious comes into view.
He is wielding a runed falchion.
Terence is nearby!
Terence shouts!
Terence drinks a potion.
Terence goes berserk!
Casting: Freeze
Confirm with . or Enter, or press ? or * to list all spells.
Aiming: Freeze
Press: ? - help, Shift-Dir - straight line, f - Terence
Aim: Terence, wielding a runed falchion and wearing a scale mail (berserk, fast, unusually strong)
You freeze Terence.
Terence is lightly wounded.
Terence hits you with a runed falchion.
You are electrocuted!
Ouch! That really hurt!
* * * LOW HITPOINT WARNING * * *
A goblin comes into view. It is wielding a club.
Terence barely misses you.
Terence rages.
Terence hits you with a falchion of electrocution!
You die...

#####.##. . # ....... .##
#.. #.... ..##...# #...#
#.#.#.#.# #...#
#..##.##.## ###
#...######.###.###.###.#
##............)..........
#?........#.###.###.###.#
#.##$..@@....##.##.## #.#
#. #...##....[#.#.## #..
# ###.##.#..#...## #.#
#.##.....#.## #.#
#<##.##..#.#####....
#.##.##.............
#>.........#..>.#...
............†...#... #
#.##.##....#####.


You could see Terence (berserk).

Vanquished Creatures
  Jessica (D:2)
  2 adders
  3 worms
  A giant gecko (D:2)
  An orc (D:3)
  A ball python (D:2)
  9 hobgoblins
  6 jackals
  A quokka (D:3)
  4 bats
  A giant cockroach (D:1)
  3 giant newts
  7 goblins
  3 kobolds
  3 rats
46 creatures vanquished.

Notes
Turn   | Place    | Note
--------------------------------------------------------------
     0 | D:1      | ztt, the Demonspawn Ice Elementalist, began the quest for the Orb.
     0 | D:1      | Reached XP level 1. HP: 13/13 MP: 3/3
   376 | D:1      | Gained mutation: You have a somewhat thin skeletal structure (Dex +2, Stealth). [demonic ancestry]
   376 | D:1      | Reached XP level 2. HP: 19/19 MP: 2/4
   658 | D:1      | Found a sparkling altar of Nemelex Xobeh.
   779 | D:1      | Reached skill level 3 in Ice Magic
  1270 | D:2      | Noticed Jessica
  1283 | D:2      | Reached XP level 3. HP: 13/24 MP: 0/6
  1788 | D:2      | Killed Jessica
  2092 | D:2      | Reached XP level 4. HP: 30/30 MP: 6/8
  2523 | D:3      | Noticed Terence
  2532 | D:3      | Slain by Terence

Action                   |  1- 3 |  4- 6 || total
-------------------------+-------+-------++-------
Melee: Unarmed           |    47 |       ||    47
       Dagger            |     5 |    19 ||    24
 Cast: Freeze            |    51 |    25 ||    76
  Use: Scroll            |     6 |     1 ||     7
 Stab: Sleeping          |     5 |     1 ||     6
  Eat: Chunk             |     3 |     1 ||     4
       Fruit             |     1 |       ||     1
